 Dungeon Crawl Stone Soup version 0.27.1-16-g815e20cd7a (webtiles) character file.

Game seed: 6735062355361783224

72 MiernyMiazsz the Skirmisher (level 4, -3/41 HPs)
             Began as a Minotaur Fighter on Oct 18, 2021.
             Slain by a gnoll (5 damage)
             ... on level 2 of the Dungeon on Nov 22, 2021.
             The game lasted 00:03:35 (1786 turns).

MiernyMiazsz the Skirmisher (Minotaur Fighter)      Turns: 1786, Time: 00:03:36

Health: -3/41      AC: 13    Str: 22    XL:     4   Next: 6%
Magic:  3/3        EV:  4    Int:  5    God:
Gold:   32         SH:  9    Dex:  9    Spells: 3/3 levels left

rFire    . . .     SeeInvis .   a - +0 long sword
rCold    . . .     Faith    .   c - +0 kite shield
rNeg     . . .     Spirit   .   k - +0 plate armour
rPois    .         Reflect  .   (helmet restricted)
rElec    .         Harm     .   (no cloak)
rCorr    .         Rampage  .   (no gloves)
Will     .....                  i - +0 pair of boots
Stlth    ..........             (no amulet)
HPRegen  0.13/turn              (no ring)
MPRegen  0.08/turn              (no ring)

@: no status effects
A: horns 2, retaliatory headbutt
a: no special abilities


You were on level 2 of the Dungeon.
You visited 1 branch of the dungeon, and saw 3 of its levels.

You collected 32 gold pieces.

Inventory:

Hand Weapons
 a - a +0 long sword (weapon)
 f - a +0 short sword of electrocution
Armour
 b - a +0 scale mail
 c - a +0 kite shield (worn)
 i - a +0 pair of boots (worn)
 k - a +0 plate armour (worn)
Magical Staves
 h - a staff of air
Scrolls
 j - a scroll of teleportation {unknown}
 l - a scroll of vulnerability {unknown}
Potions
 d - a potion of might
 e - a potion of attraction {unknown}
 g - a potion of degeneration {unknown}


   Skills:
 + Level 4.4 Fighting
 + Level 3.6 Long Blades
 + Level 4.0 Armour
 + Level 0.1 Dodging
 + Level 4.2 Shields


You had 3 spell levels left.
You didn't know any spells.
Your spell library was empty.

Dungeon Overview and Level Annotations

Branches:
Dungeon (3/15)

Altars:

Shops:
D:2 ?(?[


Innate Abilities, Weirdness & Mutations

You have a pair of horns on your head.
You reflexively headbutt those who attack you in melee.


Message History

The gnoll hits you but does no damage. The gnoll hits you with a +0 spear.
The gnoll hits you but does no damage. The endoplasm freezes you.
You are frozen.
* * * LOW HITPOINT WARNING * * *
You block the gnoll's attack. The goblin hits you but does no damage.
The hobgoblin hits you but does no damage.
You climb upwards.
There is a stone staircase leading down here.
You are too injured to fight recklessly!
You are too injured to fight recklessly!
You are too injured to fight recklessly!
You are too injured to fight recklessly!
You are too injured to fight recklessly!
You are too injured to fight recklessly!
You are too injured to fight recklessly!
You are too injured to fight recklessly!
You hit the gnoll but do no damage. You headbutt the gnoll.
The gnoll is heavily wounded.
You block the gnoll's attack.
The endoplasm hits you but does no damage.
You block the gnoll's attack.
You barely miss the gnoll. Your headbutt misses the gnoll.
The gnoll is heavily wounded.
The gnoll hits you with a +0 club.
* * * LOW HITPOINT WARNING * * *
You block the endoplasm's attack. The gnoll hits you but does no damage.
The gnoll hits you with a +0 club.
* * * LOW HITPOINT WARNING * * *
You block the endoplasm's attack. The gnoll hits you but does no damage.
You hit the gnoll but do no damage.
The gnoll is heavily wounded.
The gnoll hits you with a +0 club.
* * * LOW HITPOINT WARNING * * *
You block the gnoll's attack. You block the endoplasm's attack.
Your shield and plate armour prevent you from hitting the gnoll.
The gnoll is heavily wounded.
You block the gnoll's attack. You block the endoplasm's attack.
The gnoll hits you with a +0 whip.
You die...

....'......#.#..#
....######.#....#
...........#..<.#########
...........#..#.........#########
#..........#............'........
#..........#+#.g........########.
#.............gS####'#.........#.
#............)#Jg# #.#.######....
###.....##....+g@# #.#.# #####
###.....##....#### #.#.#
.##.....##....# #.#.#
.#########....# #.#.# .# #....#
#.#.# .# #.#### #.#.# ##
#.#########.#.# # #.##<.........#
# #.#########.###


You could see 3 gnolls, an adder, an endoplasm and a hobgoblin.

Vanquished Creatures
  2 adders (D:2)
  6 bats
  7 endoplasms
  3 giant cockroaches
  5 goblins
  7 hobgoblins
  4 kobolds
  2 quokkas
  6 ball pythons
  2 frilled lizards
  A rat (D:1)
45 creatures vanquished.

Notes
Turn   | Place    | Note
-------+----------+-------------------------------------------
     0 | D:1      | MiernyMiazsz the Minotaur Fighter began the quest for the
                  | Orb.
     0 | D:1      | Reached XP level 1. HP: 19/19 MP: 0/0
   251 | D:1      | Reached XP level 2. HP: 24/27 MP: 1/1
   689 | D:1      | Reached XP level 3. HP: 27/33 MP: 2/2
  1052 | D:2      | Found Cunacs's Magic Scroll Shop.
  1234 | D:2      | Found a faded altar of an unknown god.
  1298 | D:2      | Found Ixtojaf's Armour Shop.
  1401 | D:2      | Reached XP level 4. HP: 41/41 MP: 3/3
  1580 | D:2      | Found Nodop's Magic Scroll Boutique.
  1678 | D:2      | Found Vaogaru's Weapon Shoppe.
  1750 | D:2      | Upgraded the game from 0.27.1-3-gb3d3a73c9e to
                  | 0.27.1-16-g815e20cd7a
  1785 | D:2      | HP: 1/41 [gnoll (3)]
  1786 | D:2      | Slain by a gnoll

Illustrated notes

Levels and vault maps discovered:
D:1:      dpeg_arrival_refuge, layout_loops_ring
D:2:      layout_basic, serial_shops, nicolae_shop_competitors_out_of_business,
          nicolae_shop_temple_entry_statues_fountains, nicolae_square_shop,
          nicolae_lakefront_shop, hellmonk_ecumenical_altar_run_dry,
          minmay_stone_trees_small
D:3:      layout_rooms, bloody_trog, nicolae_uskayaw_murder_on_the_dancefloor,
          minmay_shallow_snake_nest, uniq_terence, uniq_natasha

Skill      XL: |  1  2  3 |
---------------+----------+-----
Armour         | 4 |  4.0
Fighting       | 4 |  4.4
Shields        | 4 |  4.2
Long Blades    | 3 |  3.6
Dodging        | |  0.1

Action                   |  1- 3 |  4- 6 || total
-------------------------+-------+-------++-------
Melee: Long sword        |    93 |    14 ||   107
       Headbutt          |    18 |     3 ||    21
Armor: Scale mail        |    46 |       ||    46
       Plate armour      |       |    24 ||    24
Dodge: Dodged            |    23 |     6 ||    29
Block: Kite shield       |    62 |    17 ||    79
       Rpst.: Long sword |     4 |     1 ||     5
